 Dungeon Crawl Stone Soup version 0.28-a0-535-g6f645e4c1d (webtiles) character file.

Game seed: 1840935192274441572

254 Rennog the Skirmisher (level 6, -1/46 HPs)
             Began as an Octopode Fighter on Sept 27, 2021.
             Killed from afar by an orc wizard (4 damage)
             ... with a magic dart
             ... on level 4 of the Dungeon.
             The game lasted 00:04:25 (3913 turns).

Rennog the Skirmisher (Octopode Fighter)            Turns: 3913, Time: 00:04:27

Health: -1/46      AC:  1    Str: 17    XL:     6   Next: 15%
Magic:  6/6        EV: 14    Int: 11    God:
Gold:   166        SH:  0    Dex: 11    Spells: 5/5 levels left

rFire   . . .      SeeInvis .   a - +0 rapier
rCold   . . .      Faith    .   b - +0 buckler
rNeg    . . .      Spirit   .   (helmet restricted)
rPois   .          Reflect  .   (no amulet)
rElec   .          Harm     .   (no ring)
rCorr   .          Rampage  .   (no ring)
Will    .....                   (no ring)
Stlth   ++........              (no ring)
HPRegen 0.15/turn               (no ring)
MPRegen 0.10/turn               (no ring)
                                (no ring)
                                (no ring)

@: confused
A: almost no armour, amphibious, 8 rings, camouflage 1, gelatinous body 1,
(nimble swimmer 1), tentacles, tentacle spike 2, high mp 1
a: no special abilities


You were on level 4 of the Dungeon.
You visited 1 branch of the dungeon, and saw 6 of its levels.

You collected 166 gold pieces.

Inventory:

Hand Weapons
 a - a +0 rapier (weapon)
Armour
 b - a +0 buckler (worn)
Jewellery
 i - a +4 ring of evasion
Wands
 g - a wand of paralysis (13)
 l - a wand of flame (10)
Scrolls
 d - a scroll of fear {unknown}
 e - 3 scrolls of torment {unknown}
 f - a scroll of identify {unknown}
 h - a scroll of noise {unknown}
 m - 2 scrolls of teleportation {unknown}
 o - a scroll of brand weapon {unknown}
 p - a scroll of holy word {unknown}
Potions
 c - 2 potions of might
 j - a potion of mutation
 k - a potion of heal wounds {unknown}
 n - a potion of brilliance {unknown}


   Skills:
 * Level 5.7 Fighting
 - Level 2.0 Short Blades
 + Level 4.5 Dodging
 - Level 3.0 Shields


You had 5 spell levels left.
You didn't know any spells.
Your spell library contained the following spells:

 Spells                   Type           Power      Damage    Failure   Level
 Slow                     Hex            0%         N/A       52%         2
 Confusing Touch          Hex            0%         N/A       75%         3
 Frozen Ramparts          Ice            0%         1d2       75%         3
 Cause Fear               Hex            0%         N/A       98%         4
 Ice Form                 Ice/Tmut       0%         N/A       98%         4
 Summon Ice Beast         Ice/Summ       0%         N/A       98%         4
 Yara's Violent Unravell  Hex/Tmut       0%         3d3       100%        5
 Dragon Form              Tmut           0%         N/A       100%        7
 Dragon's Call            Summ           0%         N/A       100%        9


Dungeon Overview and Level Annotations

Branches:
Dungeon (6/15)
 Temple: D:4-7

Altars:
Wu Jian

Annotations:
D:5 Sigmund


Innate Abilities, Weirdness & Mutations

You cannot wear most types of armour.
You are amphibious.
You can wear up to eight rings at the same time.
Your skin changes colour to match your surroundings (Stealth+).
Your rubbery body absorbs attacks. (AC +1, EV +1)
((You are camouflaged near water. (Stealth+)))
You have tentacles for arms and can constrict up to eight enemies at once.
One of your tentacles bears a nasty spike.
You have an increased reservoir of magic. (+10% MP)


Message History

The orc wizard casts a spell.
The orc wizard flickers and vanishes!
Deactivating autopickup; reactivate with Ctrl-A.
You barely miss the orc. You grab the orc.
You pierce the orc.
The orc is heavily wounded.
You constrict the orc. The orc closely misses you.
You puncture the orc!
You kill the orc!
The orc barely misses you.
You closely miss the orc. You grab the orc.
You pierce the orc, but do no damage.
You constrict the orc.
The orc hits you with a +0 whip of freezing.
The orc freezes you.
You barely miss the orc.
The orc is lightly wounded.
You constrict the orc, but do no damage.
The orc barely misses you.
You hit the orc but do no damage.
You pierce the orc, but do no damage.
You squeeze the orc.
The orc is severely wounded.
You constrict the orc.
You kill the orc!
You hit something.
Your tentacle spike misses something.
You hear some strange, mumbled words.
You are confused.
You bump into the rock wall.
Something hits you.
You completely miss something. Your squeeze misses something.
Something hits you.
* * * LOW HITPOINT WARNING * * *
You miss something. Your squeeze misses something. Something hits you.
* * * LOW HITPOINT WARNING * * *
You bump into the rock wall.
Something hits you.
* * * LOW HITPOINT WARNING * * *
You hit something.
You pierce something.
You squeeze something. Something hits you.
* * * LOW HITPOINT WARNING * * *
You hear some strange, mumbled words.
A magic dart appears from out of thin air!
The magic dart hits you.
You die...

#.......†.........
.....###..
...###......#######g###
### #...###......#
8.... +.. +........###
..$. #. ###......##.#
.8.# #......# .( ..$#
#......###. o..#.#
#.......##.#)...#
#......#@##.#
######.##{o#.#
#.######## #.........
##........ #########


You could see an orc.

Vanquished Creatures
  A bullfrog zombie (D:5)
  A jelly (D:4)
  An orc priest (D:4)
  An iguana (D:5)
  An orc wizard (D:4)
  3 adders
  2 ufetubi
  A worm (D:3)
  2 dart slugs
  7 orcs (D:4)
  7 bats
  2 endoplasms
  3 giant cockroaches
  8 goblins
  5 hobgoblins
  A quokka (D:2)
  3 ball pythons
  3 frilled lizards (D:2)
  5 kobolds
  6 rats
63 creatures vanquished.

Notes
Turn   | Place    | Note
-------+----------+-------------------------------------------
     0 | D:1      | Rennog the Octopode Fighter began the quest for the Orb.
     0 | D:1      | Reached XP level 1. HP: 16/16 MP: 1/1
   471 | D:1      | Reached XP level 2. HP: 21/21 MP: 2/2
  1317 | D:2      | Reached XP level 3. HP: 16/27 MP: 3/3
  1669 | D:2      | Reached skill level 4 in Fighting
  2060 | D:3      | Found a faded altar of an unknown god.
  2072 | D:3      | Reached XP level 4. HP: 31/33 MP: 4/4
  2148 | D:3      | You fall into a shaft and drop 2 floors!
  2148 | D:5      | Entered Level 5 of the Dungeon
  2503 | D:5      | Noticed Sigmund
  2575 | D:5      | Reached XP level 5. HP: 32/38 MP: 5/5
  2784 | D:3      | Found an ornate altar of the Wu Jian Council.
  3196 | D:3      | Reached skill level 5 in Fighting
  3432 | D:4      | HP: 1/39 [orc (2)]
  3433 | D:4      | Gained mutation: One of your tentacles bears a spike.
                  | [potion of mutation]
  3433 | D:4      | Gained mutation: You have an increased reservoir of magic.
                  | (+10% MP) [potion of mutation]
  3433 | D:4      | Gained mutation: One of your tentacles bears a nasty spike.
                  | [potion of mutation]
  3900 | D:4      | Reached XP level 6. HP: 19/46 MP: 6/6
  3913 | D:4      | Killed from afar by an orc wizard

Illustrated notes

Levels and vault maps discovered:
D:1:      wander_arrival_chamber, layout_loops_corners,
          chequers_serial_rivers_small_b
D:2:      layout_basic
D:3:      layout_basic, mainiacjoe_overflow_surrounded_room,
          hellmonk_ecumenical_altar_lost_god
D:4:      cheibrodos_quashed, layout_basic, guppyfry_early_orc_mine
D:5:      layout_basic, minmay_temple_entry_mini_moons,
          minmay_guarded_unrand_staff_of_olgreb, uniq_sigmund
D:6:      layout_gridville, lemuel_tele_altar

Skill      XL: |  1  2  3  4  5 |
---------------+----------------+-----
Fighting       | 4 5 |  5.7
Dodging        | 4 |  4.5
Short Blades   | |  2.0
Shields        | |  3.0

Action                   |  1- 3 |  4- 6 || total
-------------------------+-------+-------++-------
Melee: Rapier            |    68 |    78 ||   146
       Constrict         |    11 |    17 ||    28
       Tentacles         |     6 |    15 ||    21
       Kick              |       |     6 ||     6
  Use: Potion            |     1 |     2 ||     3
 Stab: Sleeping          |    11 |     7 ||    18
Armor: Skin              |     7 |     5 ||    12
Dodge: Dodged            |    34 |    54 ||    88
Block: Buckler           |     5 |    15 ||    20

Table legend: (Time is in decaauts)
 A = Elapsed time spent in this place.
 B = Non-inter-level travel time spent in this place.
 C = Inter-level travel time spent in this place.
 D = Time resting spent in this place.
 E = Time spent auto-exploring this place.
 F = Levels seen in this place.
 G = Mean time per level.
                   A        B        C        D        E       F      G
               +--------+--------+--------+--------+--------+-----+--------+
         Total |   3931 |   3688 |    243 |    252 |   2877 |   6 |  655.2 |
       Dungeon |   3931 |   3688 |    243 |    252 |   2877 |   6 |  655.2 |
               +--------+--------+--------+--------+--------+-----+--------+

Top non-repeatable levels by time:
     D:1: 1027 daAuts
     D:2: 1025 daAuts
     D:3: 780 daAuts
     D:4: 653 daAuts
     D:6: 395 daAuts
     D:5: 49 daAuts
